 Seeded DCSS version 0.30.1-11-g7821555f0a (webtiles) character file.

Game seed: 5 (custom seed)

1736 Kazon the Shield-Bearer (level 8, -3/48 HPs)
             Began as a Vampire Fighter on Dec 8, 2023.
             Was a Follower of Makhleb.
             Slain by a killer bee (4 damage)
             ... on level 7 of the Dungeon on Dec 12, 2023.
             The game lasted 00:17:26 (3069 turns).

Kazon the Shield-Bearer (Vampire Fighter)           Turns: 3069, Time: 00:17:27

Health: -3/48      AC:  8    Str: 17    XL:     8   Next: 76%
Magic:  0/19       EV:  7    Int: 11    God:    Makhleb [*.....]
Gold:   203        SH: 15    Dex: 19    Spells: 7/7 levels left

rFire   . . .        e - +9 staff of Olgreb {rPois∞}
rCold   + + .        c - +0 tower shield
rNeg    + + +        b - +0 scale mail
rPois   ∞            k - +0 helmet
rElec   .            (no cloak)
rCorr   .            (no gloves)
SInv    +            (no boots)
Will    .....        D - amulet of guardian spirit
Stlth   +++          s - ring of magical power
HPRegen 0.00/turn    x - +6 ring of dexterity
MPRegen 0.16/turn

%: guardian spirit
@: bloodless, inhibited regen
A: bloodless, fangs 3, see invisible, vampiric 2
a: Bat Form, Revivify, Renounce Religion, Evoke the Staff of Olgreb


You were on level 7 of the Dungeon.
You worshipped Makhleb.
Makhleb was aware of your devotion.
You visited 2 branches of the dungeon, and saw 8 of its levels.

You collected 203 gold pieces.

Inventory:

Hand Weapons
 a - a +0 war axe
 e - the +9 staff of Olgreb (weapon) {rPois∞}
   (You acquired it on level 1 of the Dungeon)

   It enhances your poison magic.
   It grants immunity to poison.
   It can be activated via the 'a'bility menu to radiate toxic energy, with
   effectiveness depending on Evocations skill.
 f - a +0 hand axe of flaming
 r - a +2 vampiric dagger
Missiles
 i - 9 boomerangs
 l - 2 poisoned darts (quivered)
 y - 6 stones
Armour
 b - a +0 scale mail (worn)
 c - a +0 tower shield (worn)
 k - a +0 helmet (worn)
Jewellery
 s - a ring of magical power (left hand)
 x - a +6 ring of dexterity (right hand)
 D - an amulet of guardian spirit (around neck)
Wands
 z - a wand of paralysis (8)
Scrolls
 g - a scroll of fog {unknown}
 m - a scroll of blinking {unknown}
 n - 2 scrolls of identify {unknown}
 o - a scroll of summoning {unknown}
 p - 2 scrolls of magic mapping {unknown}
 t - 2 scrolls of teleportation {unknown}
 A - a scroll of torment {unknown}
 B - a scroll of amnesia {unknown}
Potions
 d - a potion of might
 h - a potion of resistance {unknown}
 j - 3 potions of curing {unknown}
 q - 3 potions of flight {unknown}
 u - 2 potions of invisibility {unknown}
 v - a potion of berserk rage {unknown}
 w - 2 potions of heal wounds {unknown}
 C - a potion of lignification {unknown}
 E - a potion of attraction {unknown}
 F - a potion of magic


   Skills:
 + Level 3.8 Fighting
 + Level 1.9 Axes
 + Level 2.8 Staves
 * Level 3.0 Throwing
 + Level 3.8 Armour
 + Level 2.2 Dodging
 + Level 2.0 Stealth
 + Level 4.9 Shields
 * Level 3.0 Poison Magic
 * Level 2.7 Invocations
 * Level 3.8 Evocations


You had 7 spell levels left.
You didn't know any spells.
Your spell library contained the following spells:

 Spells                   Type           Power      Damage    Failure   Level
 Frozen Ramparts          Ice            0%         1d1       100%        3
 Ice Form                 Ice/Tmut       0%         N/A       100%        4
 Summon Ice Beast         Ice/Summ       0%         N/A       100%        4


Dungeon Overview and Level Annotations

Branches:
Dungeon (8/15)             Temple (1/1) D:4
   Lair: D:8-11

Altars:
Dithmenos
Fedhas
Gozag
Hepliaklqana
Makhleb
Qazlal
Wu Jian


Innate Abilities, Weirdness & Mutations

You do not regenerate when monsters are visible.
You are frail without blood (-20% HP).
You can heal yourself when you bite living creatures.
You are immune to poison.
You have razor-sharp teeth.
You have supernaturally acute eyesight. (SInv)
You are afflicted with vampirism and can become a bat while bloodless.


Message History

The killer bee stings you but does no damage.
Your Throwing skill increases to level 3!
Throw: 5 darts (poison)
Press: ? - help, Q - select action, (/) - cycle Shift-Dir - straight line, f - killer bee
Aim: a killer bee (36% to hit)
You throw a poisoned dart.
The poisoned dart barely misses the killer bee.
You block the killer bee's attack. x2
Throw: 4 darts (poison)
Press: ? - help, Q - select action, (/) - cycle Shift-Dir - straight line, f/p - killer bee
Aim: a killer bee (36% to hit)
You throw a poisoned dart. The poisoned dart hits the killer bee.
The killer bee is poisoned.
The killer bee stings you but does no damage.
The killer bee stings you.
* * * LOW HITPOINT WARNING * * *
Throw: 3 darts (poison)
Press: ? - help, Q - select action, (/) - cycle Shift-Dir - straight line, f/p - killer bee
Aim: a killer bee (lightly wounded, poisoned, 36% to hit)
You throw a poisoned dart.
The poisoned dart closely misses the killer bee.
You block the killer bee's attack.
The killer bee stings you but does no damage.
The killer bee stings you.
* * * LOW HITPOINT WARNING * * *
Unknown command.
You closely miss the killer bee.
The killer bee is lightly wounded.
You block the killer bee's attack. x2
The killer bee stings you but does no damage.
You barely miss the killer bee.
The killer bee is lightly wounded.
The killer bee stings you but does no damage.
The killer bee stings you.
* * * LOW HITPOINT WARNING * * *
You hit the killer bee.
The killer bee is severely wounded.
The killer bee stings you but does no damage.
The killer bee stings you.
You die...

#.......#...#
#?...).(##..#
#.......##..# ##
......).##..######...#
#.....).##...........#
#.....))##.###.#.##..
#..>..))##.##.###..
#y##.###.#.#
.#####@##.# ##.#
#..........# #.#
#.###...#### #.# #.###
#.####.# #. #......#
.. #.###### .# #.# ..
###.# #...#


You could see a killer bee (poisoned).

Vanquished Creatures
  A polar bear (D:8)
  Sigmund (D:4)
  A sky beast (D:7)
  3 black bears
  An ogre (D:5)
  A centaur (D:7)
  A kobold brigand (D:7)
  A scorpion (D:4)
  A killer bee (D:7)
  4 wights (D:7)
  A vampire bat (D:7)
  3 hounds
  A jelly (D:5)
  3 iguanas
  4 gnolls (D:5)
  7 adders
  A white imp (D:7)
  An ufetubus (D:4)
  3 worms
  6 orcs
  12 bats
  9 endoplasms
  A giant cockroach (D:1)
  12 goblins
  7 hobgoblins
  11 jackals
  10 kobolds
  3 quokkas (D:4)
  6 ball pythons
  3 frilled lizards
  4 rats
123 creatures vanquished.

Notes
Turn   | Place    | Note
-------+----------+-------------------------------------------
     0 | D:1      | Kazon the Vampire Fighter began the quest for the Orb.
     0 | D:1      | Reached XP level 1. HP: 17/17 MP: 1/1
    46 | D:1      | Identified a scroll of acquirement
    46 | D:1      | Acquired the +9 staff of Olgreb {rPois∞}
    46 | D:1      | Found the +9 staff of Olgreb {rPois∞}
    78 | D:1      | Reached XP level 2. HP: 17/24 MP: 2/2
   458 | D:1      | Gained mutation: You are afflicted with vampirism and can
                  | become a bat while bloodless. [Vampire growth]
   458 | D:1      | Reached XP level 3. HP: 29/29 MP: 3/3
   799 | D:2      | Reached skill level 3 in Shields
   972 | D:2      | Reached XP level 4. HP: 35/35 MP: 4/4
  1434 | D:3      | Reached skill level 1 in Evocations
  1479 | D:3      | Found a blossoming altar of Fedhas.
  1645 | D:3      | Found a stormy altar of Qazlal.
  1706 | D:3      | Identified the +2 sling "Qeuhanocyt" {speed, rElec Str-3
                  | Dex+2}
  1724 | D:3      | Found a faded altar of an unknown god.
  1915 | D:4      | Found a staircase to the Ecumenical Temple.
  1924 | Temple   | Entered the Ecumenical Temple
  1940 | Temple   | Became a worshipper of Makhleb the Destroyer
  1995 | D:4      | Noticed a black bear
  2006 | D:4      | Killed a black bear
  2007 | D:4      | Reached skill level 1 in Staves
  2007 | D:4      | Reached skill level 1 in Throwing
  2007 | D:4      | Reached skill level 1 in Dodging
  2007 | D:4      | Reached skill level 1 in Poison Magic
  2007 | D:4      | Reached XP level 5. HP: 31/41 MP: 5/5
  2010 | D:4      | Found a hazy altar of Hepliaklqana.
  2014 | D:4      | Found a shadowy altar of Dithmenos.
  2014 | D:4      | Noticed a shadow
  2043 | D:4      | Noticed Sigmund
  2057 | D:4      | Killed Sigmund
  2058 | D:4      | Reached skill level 1 in Invocations
  2058 | D:4      | Reached XP level 6. HP: 18/47 MP: 6/6
  2222 | D:4      | Reached XP level 7. HP: 49/52 MP: 8/8
  2616 | D:5      | Entered Level 5 of the Dungeon
  2630 | D:5      | Reached skill level 1 in Stealth
  2771 | D:5      | Reached * piety under Makhleb
  2772 | D:5      | Reached skill level 4 in Shields
  2837 | D:5      | You fall into a shaft and drop 3 floors!
  2886 | D:8      | Noticed a polar bear
  2897 | D:8      | Killed a polar bear
  2898 | D:8      | Reached XP level 8. HP: 51/59 MP: 9/9
  3068 | D:7      | HP: 1/48 [killer bee (5)]
  3069 | D:7      | Slain by a killer bee

Illustrated notes

Levels and vault maps discovered:
D:1:      ebering_trefoil_3fold, layout_basic, st_stairs_14, serial_bayou_ford_a
D:2:      layout_basic, hangedman_decor_growths, minmay_close_crescents
D:3:      layout_rooms, mainiacjoe_overflow_concentric_impassable,
          mainiacjoe_overflow_paths, shapermc_ecumenical_altar_acropolis,
          chequers_serial_rivers_micro_b
D:4:      layout_basic, riverfiend_overflow_shadow_ancestor,
          minmay_temple_entry_glass, uniq_sigmund
D:5:      layout_gridville
D:7:      layout_loops_ring, enter_ossuary_3, roderic_batcave
D:8:      layout_layer_cave, minmay_lair_entry_grove, serial_shops,
          nicolae_lakefront_shop, serial_ice, serial_ice_o, serial_ice_d,
          serial_ice_k, serial_ice_a
Temple:   nicolae_temple_elliptical

Skill      XL: |  1  2  3  4  5  6  7  8 |
---------------+-------------------------+-----
Fighting       | 3 |  3.8
Shields        | 3 4 |  4.9
Evocations     | 1 2 3 |  3.8
Staves         | 1 2 |  2.8
Throwing       | 1 2 3 |  3.0
Armour         | 3 |  3.8
Dodging        | 1 2 |  2.2
Poison Magic   | 1 2 3 |  3.0
Invocations    | 1 2 |  2.7
Stealth        | 1 2 |  2.0
Axes           | |  1.9

Action                     |  1- 3 |  4- 6 |  7- 9 || total
---------------------------+-------+-------+-------++-------
  Melee: War axe           |    15 |       |       ||    15
         Staff             |    77 |    74 |    89 ||   240
         Bite              |     9 |     7 |    10 ||    26
         Punch             |     1 |       |       ||     1
  Throw: Stone             |       |    12 |     4 ||    16
         Boomerang         |       |       |    15 ||    15
         Dart              |       |       |     3 ||     3
Ability: Evoke the Staff o |       |     4 |     7 ||    11
         Exsanguinate      |       |       |     2 ||     2
    Use: Scroll            |     2 |       |       ||     2
         Potion            |     1 |       |       ||     1
 Armour: Scale mail        |    32 |    32 |    42 ||   106
  Dodge: Dodged            |    26 |    14 |    25 ||    65
  Block: Buckler           |     6 |       |       ||     6
         Tower shield      |    26 |    44 |   102 ||   172
